 Dungeon Crawl Stone Soup version 0.27.0-1-g7a089689b8 (webtiles) character file.

Game seed: 346249445187394758

2 dolemite99 the Skirmisher (level 1, 0/18 HPs)
             Began as a Formicid Abyssal Knight on Aug 11, 2021.
             Was a Follower of Lugonu.
             Slain by a jackal (1 damage)
             ... on level 1 of the Dungeon.
             The game lasted 00:00:21 (71 turns).

dolemite99 the Skirmisher (Formicid Abyssal Knight)   Turns: 71, Time: 00:00:21

Health: 0/18       AC:  3    Str: 16    XL:     1   Next: 44%
Magic:  2/2        EV: 11    Int: 11    God:    Lugonu [*.....]
Gold:   3          SH:  0    Dex: 10    Spells: 0/0 levels left

rFire    . . .     SeeInvis +   c - +1 dagger (venom)
rCold    . . .     Faith    .   (no shield)
rNeg     . . .     Spirit   .   b - +0 leather armour
rPois    .         Reflect  .   (helmet unavailable)
rElec    .         Harm     .   (no cloak)
rCorr    .         Rampage  .   (no gloves)
Will     .....                  (no boots)
Stlth    +.........             (no amulet)
HPRegen  0.06/turn              (no ring)
MPRegen  0.08/turn              (no ring)

@: no status effects
A: permanent stasis, dig shafts and tunnels, antennae 3, four strong arms
a: Dig, Shaft Self, Renounce Religion, Depart the Abyss


You were on level 1 of the Dungeon.
You worshipped Lugonu.
Lugonu was aware of your devotion.
You visited 1 branch of the dungeon, and saw 1 of its levels.
You visited the Abyss 1 time.

You collected 3 gold pieces.

Inventory:

Hand Weapons
 a - a +1 hand axe
 c - a +1 dagger of venom (weapon)
Armour
 b - a +0 leather armour (worn)


   Skills:
 - Level 3.2 Fighting
 + Level 0.8 Short Blades
 - Level 2.0 Axes
 - Level 2.1 Armour
 - Level 0.8 Dodging
 - Level 2.1 Invocations


You couldn't memorise any spells.
You didn't know any spells.
Your spell library was empty.

Dungeon Overview and Level Annotations

Branches:
Dungeon (1/15)

Altars:


Innate Abilities, Weirdness & Mutations

You cannot be hasted, slowed, berserked, paralysed or teleported.
You can dig through walls and to a lower floor.
You have a pair of large antennae on your head. (SInv)
Your four strong arms can wield two-handed weapons with a shield.


Message History

The ball python barely misses you. The ball python constricts you.
You are too injured to fight recklessly!
You are too injured to fight recklessly!
You are too injured to fight recklessly!
You are too injured to fight recklessly!
You are too injured to fight recklessly!
You are too injured to fight recklessly!
You are too injured to fight recklessly!
You are too injured to fight recklessly!
You are too injured to fight recklessly!
You are too injured to fight recklessly!
You are too injured to fight recklessly!
You escape the ball python's grasp.
The jackal bites you.
* * * LOW HITPOINT WARNING * * *
The ball python barely misses you. The ball python grabs you.
* * * LOW HITPOINT WARNING * * *
The ball python constricts you.
You escape the ball python's grasp.
The jackal bites you but does no damage.
You hit the jackal.
The jackal is heavily wounded.
The jackal barely misses you.
A bat comes into view.
The jackal bites you but does no damage.
The bat moves out of view.
The jackal barely misses you.
A hobgoblin comes into view.
The hobgoblin shouts!
You extend your mandibles.
You dig through the rock wall.
The jackal completely misses you. The jackal bites you.
* * * LOW HITPOINT WARNING * * *
You dig through the rock wall.
The jackal bites you.
* * * LOW HITPOINT WARNING * * *
You dig through the rock wall.
The jackal closely misses you.
You retract your mandibles.
You hit the jackal but do no damage.
The jackal is poisoned.
The jackal is moderately wounded.
The jackal bites you.
You die...

#.##.... #.....#
#.....# #...#.##
#....# .. {#{{..#
..##.##{.## ....
#...# ###
...##.##.# #@#
#...# #.# #h#
#..###.####S#######
##....{.{.KKg.g.^..
###.##############
#.# #.# #.# .#.#
#.# .#.# #.#


You could see a jackal (very poisoned), a hobgoblin, a ball python and 2
kobolds.

Vanquished Creatures
  A ball python (D:1)
  A giant cockroach (D:1)
2 creatures vanquished.

Notes
Turn   | Place    | Note
-------+----------+-------------------------------------------
     0 | Abyss:1  | dolemite99 the Formicid Abyssal Knight began the quest for
                  | the Orb.
     0 | Abyss:1  | Reached XP level 1. HP: 18/18 MP: 2/2
    12 | D:1      | Escaped the Abyss
    71 | D:1      | Slain by a jackal

Illustrated notes

Levels and vault maps discovered:
D:1:      roderic_crossed_star, layout_basic, hangedman_decor_slide_cut,
          minmay_vboxes

Action                   || total
-------------------------++-------
Melee: Dagger            ||    10
 Abil: Dig               ||     1
Armor: Leather armour    ||     4
Dodge: Dodged            ||    18
